 Dungeon Crawl Stone Soup version 0.29-a0-872-g797fff5 (webtiles) character file.

Game seed: 3823371786995259932

148632 GeorgeSoros the Champion of Chaos (level 16, -2/136 HPs)
             Began as a Demonspawn Ice Elementalist on July 17, 2022.
             Was the Champion of Makhleb.
             Slain by a spark wasp (19 damage)
             ... on level 4 of the Spider Nest on July 18, 2022.
             The game lasted 02:36:28 (33870 turns).

GeorgeSoros the Champion of Chaos (DsIE)           Turns: 33870, Time: 02:36:29

Health: -2/136     AC: 27    Str: 15    XL:     16   Next: 94%
Magic:  34/35      EV: 17    Int: 28    God:    Makhleb [******]
Gold:   1204       SH: 10    Dex: 10    Spells: 12/19 levels left

rFire   . . .      SeeInvis +   a - +8 demon blade "Leech" {vamp, Harm Drain rN+}
rCold   + . .      Faith    .   B - +0 kite shield
rNeg    + + +      Spirit   .   N - +4 ring mail {rN+}
rPois   +          Reflect  .   e - +1 hat {SInv}
rElec   .          Harm     +   C - +2 ratskin cloak {*Rats rPois rN+ Str-1 Int-1 Dex+1}
rCorr   .          Rampage  .   W - +0 pair of gloves
Will    +....                   n - +1 pair of boots
Stlth   +.........              Q - amulet "Zofostu" {rC+ Regen+ Str+3 Int+4}
HPRegen 1.12/turn               o - ring of wizardry
MPRegen 0.24/turn               R - ring of Qadeweob {rPois MP+9 Int+5 Dex-5}

@: agile, ice-armoured, freezing walls, studying Long Blades
A: ignite blood 2, powered by pain 1, sturdy frame 2, demonic touch 2, low MP 1
a: Renounce Religion, Minor Destruction, Lesser Servant of Makhleb, Major
Destruction, Greater Servant of Makhleb


You were on level 4 of the Spider Nest.
You worshipped Makhleb.
Makhleb was exalted by your worship.
You visited 5 branches of the dungeon, and saw 26 of its levels.
You also visited: Sewer, Gauntlet, Ice Cave and Volcano.

You collected 2954 gold pieces.
You spent 1750 gold pieces at shops.

Inventory:

Hand Weapons
 a - the +8 demon blade "Leech" (weapon) {vamp, Harm Drain rN+}
   (You bought it in a shop on level 5 of the Dungeon)

   It heals its wielder for a portion of the damage dealt every time it strikes
   a living foe.
   rN:        It protects you from negative energy.
   Drain:     It drains your maximum health when unequipped.
   Harm:      It increases damage dealt and taken.
 F - the +4 flail of Fedhas's Outrage {flame, rPois Int+3 Dex+4 SInv}
   (You found it on level 7 of the Dungeon)

   It burns those it strikes, dealing additional fire damage.
   Int:       It affects your intelligence (+3).
   Dex:       It affects your dexterity (+4).
   rPois:     It protects you from poison.
   SInv:      It lets you see invisible.
Missiles
 O - a throwing net
Armour
 e - a +1 hat of see invisible (worn)
 n - a +1 pair of boots (worn)
 B - a +0 kite shield (worn)
 C - the +2 ratskin cloak (worn) {*Rats rPois rN+ Str-1 Int-1 Dex+1}
   (You bought it in a shop on level 5 of the Dungeon)

   When the wearer is hurt, rats may emerge from it to assist them.
   Str:       It affects your strength (-1).
   Int:       It affects your intelligence (-1).
   Dex:       It affects your dexterity (+1).
   rPois:     It protects you from poison.
   rN:        It protects you from negative energy.
 N - a +4 ring mail of positive energy (worn)
 W - a +0 pair of gloves (worn)
Jewellery
 o - a ring of wizardry (left hand)
 t - a ring of see invisible
 z - a ring of wizardry
 A - a ring of resist corrosion
 H - an amulet of faith
 K - an amulet of magic regeneration
 L - a +4 ring of evasion
 Q - the amulet "Zofostu" (around neck) {rC+ Regen+ Str+3 Int+4}
   (You found it in a Gauntlet)

   [amulet of regeneration]

   Str:       It affects your strength (+3).
   Int:       It affects your intelligence (+4).
   rC:        It protects you from cold.
   Regen:     It increases your rate of health regeneration.
 R - the ring of Qadeweob (right hand) {rPois MP+9 Int+5 Dex-5}
   (You found it in a Gauntlet)

   [ring of poison resistance]

   Int:       It affects your intelligence (+5).
   Dex:       It affects your dexterity (-5).
   rPois:     It protects you from poison.
   MP:        It affects your magic capacity (+9).
 S - an amulet of reflection
 X - a +4 ring of protection
Wands
 c - a wand of roots (6)
 j - a wand of charming (12)
 p - a wand of quicksilver (10)
 x - a wand of polymorph (28)
 T - a wand of mindburst (12)
 V - a wand of flame (23)
Scrolls
 d - 5 scrolls of immolation
 r - 4 scrolls of fog
 s - 11 scrolls of poison
 y - 10 scrolls of teleportation
 D - 9 scrolls of blinking
 E - 8 scrolls of identify
 J - 2 scrolls of fear
Potions
 b - 3 potions of magic
 f - 3 potions of berserk rage
 g - 14 potions of mutation
 h - 6 potions of haste
 i - 18 potions of curing
 k - 5 potions of ambrosia
 l - 5 potions of lignification
 m - 2 potions of resistance
 q - 2 potions of invisibility
 u - a potion of cancellation
 v - a potion of attraction
 w - 4 potions of heal wounds
 G - 2 potions of might
 M - 7 potions of flight


   Skills:
 + Level 15.1 Fighting
 - Level 14.0 Long Blades
 - Level 7.1 Armour
 - Level 7.0 Dodging
 - Level 1.7 Stealth
 - Level 8.8 Shields
 - Level 2.0 Spellcasting
 - Level 2.1 Necromancy
 + Level 12.9 Ice Magic
 + Level 19.7 Invocations


You had 12 spell levels left.
You knew the following spells:

 Your Spells              Type           Power      Damage    Failure   Level
a - Freeze                Ice            100%       1d11      1%          1
b - Frozen Ramparts       Ice            100%       1d12      1%          3
c - Ozocubu's Armour      Ice            66%        N/A       1%          3

Your spell library contained the following spells:

 Spells                   Type           Power      Damage    Failure   Level
 Hailstorm                Conj/Ice       39%        3d9       7%          4
 Beastly Appendage        Tmut           4%         N/A       10%         1
 Poisonous Vapours        Pois/Air       4%         N/A       14%         2
 Static Discharge         Conj/Air       2%         3-4/arc   14%         2
 Wereblood                Tmut           2%         N/A       14%         2
 Spider Form              Tmut/Pois      2%         N/A       26%         3
 Summon Guardian Golem    Hex/Summ       2%         N/A       26%         3
 Tukima's Dance           Hex            2%         N/A       26%         3
 Ozocubu's Refrigeration  Ice            33%        4d11      36%         7
 Corpse Rot               Necr/Pois/Air  6%         N/A       54%         4
 Airstrike                Air            1%         0-2+      65%         4
 Passage of Golubria      Tloc           2%         N/A       65%         4
 Summon Lightning Spire   Summ/Air       2%         N/A       65%         4
 Borgnjor's Vile Clutch   Necr/Erth      4%         N/A       83%         5
 Lightning Bolt           Conj/Air       1%         1d12      92%         5
 Yara's Violent Unravell  Hex/Tmut       1%         3d3       92%         5
 Iron Shot                Conj/Erth      1%         9d1       100%        6
 Orb of Destruction       Conj           1%         9d5       100%        7
 Spellforged Servitor     Conj/Summ      1%         N/A       100%        7
 Lehudib's Crystal Spear  Conj/Erth      1%         10d2      100%        8
 Maxwell's Capacitive Co  Air            1%         ∞         100%        8
 Shatter                  Erth           1%         3d5*      100%        9


Dungeon Overview and Level Annotations

Branches:
Dungeon (13/15)            Temple (1/1) D:4            Lair (6/6) D:10
 Shoals (0/4) Lair:2       Spider (4/4) Lair:3        Slime (0/5) Lair:5
    Orc (2/2) D:11            Elf (0/3) Orc:2         Sewer (visited)
  IceCv (visited)         Volcano (visited)         Gauntlet (visited)
 Vaults: D:13-14

Altars:
Ashenzari
Cheibriados
Dithmenos
Fedhas
Gozag
Hepliaklqana
Kikubaaqudgha
Makhleb
Nemelex Xobeh
Okawaru
Qazlal
Ru
Sif Muna
Trog
Uskayaw
Vehumet
Wu Jian
Xom
Yredelemnul
Jiyva

Shops:
D:5 [(*   D:6 *   Orc:1 !   Orc:2 *!![

Annotations:
D:12 3 runed translucent doors, Dega's ghost, journeyman SpHu


Innate Abilities, Weirdness & Mutations

Your demonic aura often causes spilled blood to erupt in flames.
You sometimes gain a little power by taking damage.
Your movements are less encumbered by armour. (ER -4)
Your touch may inflict irresistible damage on your foes.
Your magical capacity is low. (-10% MP)


Message History

The redback barely misses your cacodemon.
The meliai invokes the aid of its god against you.
Something smites you!
The wall freezes the meliai.
The meliai calls down the wrath of its god upon you.
Something smites you!
* * * LOW HITPOINT WARNING * * *
Blink to where?
Press: ? - help, Dir - move target Your icy armour and frozen ramparts will break if you move.
Continue?
Your icy armour cracks and falls away as you move.
The frozen ramparts melt away as you move.
As you read the scroll of blinking, it crumbles to dust.
Your cacodemon gestures at the wolf spider.
The wolf spider struggles to resist.
Something bites your cacodemon!
The spark wasp bursts into living lightning!
The living lightning misses you.
The spark wasp blinks! x2
The spark wasp attacks as you move away!
The spark wasp closely misses you.
Things that are here:
a jorogumo corpse; a culicivora corpse You block the spark wasp's attack.
Casting: Frozen Ramparts (safe; 1% risk of failure)
Confirm with . or Enter, or press ? or * to list all spells.
A film of ice covers your body! The spark wasp closely misses you.
Casting: Ozocubu's Armour (safe; 1% risk of failure)
Confirm with . or Enter, or press ? or * to list all spells.
Casting: Frozen Ramparts (safe; 1% risk of failure)
Press: ? - help, Dir - look around, f - activate The walls around you are covered in ice.
The wall freezes the spark wasp.
The spark wasp stings you.
* * * LOW HITPOINT WARNING * * *
The spark wasp shocks you!
* * * LOW HITPOINT WARNING * * *
A hell rat scurries out from under your cloak.
You focus on the pain.
You feel your power returning.
You hear a splashing noise.
The wall freezes the spark wasp.
The spark wasp stings you.
* * * LOW HITPOINT WARNING * * *
The spark wasp shocks you!
You die...

*≈^,,,,≈,#.s)s#.#*^,,,,,^*
**^,,,,,,##§^...####,,,,^*
*,,,^,,###.2..^.#.##,,,,*
*,,^,,##^#.y....#..##,,**
*≈,,###.≈#s.....#≈..####
#####...^#≈.....#...^..#
#≈.......#≈.....#^.....#
#^.....^.#.....^#^.....#
##≈.....@#......#......#
#...^..†y.......≈....##
#≈.....≈.r...^.^....^#
#....^.#≈.....#....^## ***
#^....^#^....≈#^...^# #
**,* #..^...#......#^...≈#
# ***,**
#.(....#^.....#≈..?^# ##
*,,,,*
#.....^#....^##....## #.
*,,,,*
#..^...#≈....#≈≈..^# #^


You could see a spark wasp and a friendly hell rat (wandering).

Vanquished Creatures
  Bai Suzhen (Spider:4)
  An orc warlord (Orc:2)
  2 ghost moths
  3 emperor scorpions
  5 entropy weavers
  3 spark wasps
  The ghost of Xory the Frost Mage, a journeyman HuIE of Vehumet (D:13)
  A fire dragon (Volcano)
  Erolcha (Orc:2)
  3 caustic shrike simulacra (IceCv)
  3 jorogumos
  3 boulder beetles
  4 hydras
  A centaur warrior (D:13)
  4 radroaches
  Erica (D:11)
  3 tengu warriors
  8 two-headed ogres
  Urug (D:10)
  4 orc high priests
  Nergalle (Orc:1)
  Amaemon (D:10)
  5 sun moths
  4 pharaoh ants
  10 orb spiders
  5 steelbarb worms
  2 bog bodies (IceCv)
  2 obsidian statues (IceCv)
  3 lindwurms
  5 orc knights
  A deep elf pyromancer (D:12)
  15 wolf spiders
  2 orc sorcerers (Orc:2)
  A cyclops (D:12)
  2 moths of wrath
  5 elephants (Lair:6)
  Joseph (D:9)
  5 black mambas
  9 torpor snails
  A guardian serpent (shapeshifter) (D:13)
  2 molten gargoyles (Volcano)
  3 gargoyles (D:11)
  2 rime drakes
  12 cane toads
  6 demonic crawlers
  An efreet (D:13)
  10 komodo dragons
  2 kobold demonologists (D:12)
  2 tengu conjurers (D:13)
  5 golden dragon simulacra (IceCv)
  2 freezing wraiths (IceCv)
  3 tyrant leeches (Lair:6)
  A polar bear (Lair:3)
  8 trolls
  4 meliai
  7 slime creatures (D:13)
  24 tarantellas
  8 hornets
  14 blink frogs
  5 dream sheep (Lair:6)
  5 shadows
  22 culicivoras
  17 jumping spiders
  4 fire bats (Volcano)
  A wraith (D:12)
  6 wyverns
  A ynoxinul (D:13)
  46 yaks
  2 basilisks
  A minotaur simulacrum (IceCv)
  A neqoxec (Gauntlet)
  A steam dragon (D:7)
  57 redbacks
  2 vampire mosquitoes (D:13)
  2 chaos spawn (Gauntlet)
  2 swamp worms (Lair:4)
  3 wargs
  A hydra simulacrum (IceCv)
  An acid dragon (D:11)
  17 water moccasins
  Duvessa (D:7)
  5 hell hounds
  21 orc warriors
  2 ettin simulacra (IceCv)
  2 sky beasts
  3 black bears
  An ice beast (D:7)
  10 ogres
  27 wolves
  6 centaurs
  2 phantoms
  A lemure (D:7)
  6 kobold brigands
  11 bullfrogs
  2 gnoll sergeants
  A scorpion (D:7)
  Dowan (D:7)
  3 wights (D:6)
  2 troll zombies (D:11)
  37 killer bees
  An electric eel (Lair:6)
  7 howler monkeys (D:9)
  5 lava snakes (Volcano)
  3 hounds (D:6)
  15 jellies
  A gnoll bouda (D:8)
  12 orc priests
  Natasha (thrice) (D:4)
  5 iguanas
  22 orc wizards
  4 ogre zombies (D:11)
  10 gnolls
  21 adders
  8 river rats
  2 shadow imps
  2 white imps (D:7)
  2 ufetubi
  3 worms
  3 dart slugs
  43 orcs
  8 ball pythons
  8 endoplasms
  2 giant cockroaches
  5 goblins
  4 hobgoblins
  30 kobolds
  3 quokkas
  5 bats
  7 frilled lizards
  2 goblin skeletons (D:11)
  2 goblin zombies (D:11)
  A hobgoblin skeleton (D:11)
  2 hobgoblin zombies (D:11)
  An orc skeleton (D:11)
  11 orc zombies (D:11)
  5 rats
858 creatures vanquished.

Vanquished Creatures (collateral kills)
  An Ice Fiend (IceCv)
  Aizul (Spider:4)
  A broodmother (Spider:4)
  A minotaur (Gauntlet)
  An entropy weaver (Spider:4)
  A fire dragon (Lair:6)
  A caustic shrike simulacrum (IceCv)
  A radroach (Spider:4)
  A jorogumo (Spider:2)
  2 orb spiders (Spider:4)
  A bog body (IceCv)
  A spriggan simulacrum (IceCv)
  Pikel (D:7)
  An orc sorcerer (Orc:2)
  A moth of wrath (Spider:4)
  A demonic crawler (Spider:4)
  An orange demon (D:10)
  2 freezing wraiths (IceCv)
  A tyrant leech (Lair:6)
  2 tarantellas
  A hornet (Lair:6)
  A jumping spider (Spider:4)
  2 culicivoras (Spider:4)
  Grum (D:9)
  10 redbacks
  A harpy simulacrum (IceCv)
  A swamp worm (Lair:4)
  2 water moccasins (Lair:4)
  3 orc priests
  An orc wizard (Orc:2)
  6 orcs
52 creatures vanquished.

Vanquished Creatures (others)
  A wolf spider (Spider:4)
  An orc warrior (Orc:2)
  12 fungi
  34 plants
48 creatures vanquished.

Grand Total: 958 creatures vanquished

Notes
Turn   | Place    | Note
-------+----------+-------------------------------------------
     0 | D:1      | GeorgeSoros the Demonspawn Ice Elementalist began the quest
                  | for the Orb.
     0 | D:1      | Reached XP level 1. HP: 13/13 MP: 3/3
   241 | D:1      | Gained mutation: Your demonic aura sometimes causes spilled
                  | blood to erupt in flames. [demonic ancestry]
   241 | D:1      | Reached XP level 2. HP: 19/19 MP: 3/5
   955 | D:2      | Gained mutation: Your movements are slightly less
                  | encumbered by armour. (ER -2) [demonic ancestry]
   955 | D:2      | Reached XP level 3. HP: 21/24 MP: 3/6
  1287 | D:2      | Found a faded altar of an unknown god.
  1421 | D:2      | You fall into a shaft and drop 2 floors!
  1436 | D:4      | Reached skill level 5 in Ice Magic
  1442 | D:4      | Learned a level 3 spell: Frozen Ramparts
  1589 | D:3      | Gained mutation: Your touch may inflict minor irresistible
                  | damage on your foes. [demonic ancestry]
  1589 | D:3      | Reached XP level 4. HP: 30/30 MP: 5/7
  1629 | D:3      | Learned a level 3 spell: Ozocubu's Armour
  1685 | D:3      | Found a shimmering altar of Xom.
  1685 | D:3      | Found a blossoming altar of Fedhas.
  1693 | D:3      | Found a radiant altar of Vehumet.
  1893 | D:3      | Reached XP level 5. HP: 5/35 MP: 1/8
  1898 | D:3      | Found a glowing drain.
  1902 | Sewer    | Entered a sewer
  3945 | D:4      | Found a staircase to the Ecumenical Temple.
  3969 | D:4      | Reached XP level 6. HP: 38/41 MP: 1/9
  3987 | Temple   | Entered the Ecumenical Temple
  4288 | Temple   | Became a worshipper of Makhleb the Destroyer
  4330 | D:4      | Identified the +7 long sword of Jyoheef {pain, *Rage rC++}
  4401 | D:4      | Found a snail-covered altar of Cheibriados.
  4407 | D:4      | Noticed Natasha
  4413 | D:4      | Killed Natasha
  4529 | D:4      | Reached skill level 1 in Necromancy
  4973 | D:4      | Reached skill level 1 in Armour
  4973 | D:4      | Reached XP level 7. HP: 46/46 MP: 3/10
  5061 | D:4      | Noticed Natasha
  5078 | D:4      | Killed Natasha
  5304 | D:4      | Noticed Natasha
  5321 | D:4      | Killed Natasha
  5420 | D:5      | Entered Level 5 of the Dungeon
  5478 | D:5      | Found Ocops's Weapon Shoppe.
  5772 | D:5      | Found Tiv Oner's Assorted Antiques.
  6190 | D:5      | Found Kycuci's Armour Shop.
  6237 | D:5      | Found a hazy altar of Hepliaklqana.
  6701 | D:6      | Reached skill level 1 in Shields
  6728 | D:6      | Gained mutation: You sometimes gain a little power by
                  | taking damage. [demonic ancestry]
  6728 | D:6      | Reached XP level 8. HP: 49/52 MP: 2/11
  6743 | D:6      | Reached * piety under Makhleb
  7336 | D:6      | Found Notum's General Store.
  7406 | D:6      | Reached skill level 1 in Fighting
  7408 | D:6      | Reached skill level 1 in Long Blades
  9144 | D:7      | Reached XP level 9. HP: 47/64 MP: 6/12
  9483 | D:5      | Bought the +2 ratskin cloak {*Rats rPois rN+ Str-1 Int-1
                  | Dex+1} for 333 gold pieces
  9483 | D:5      | Found the +2 ratskin cloak {*Rats rPois rN+ Str-1 Int-1
                  | Dex+1}
  9829 | D:7      | Noticed Duvessa
  9829 | D:7      | Noticed Dowan
  9837 | D:7      | Killed Dowan
  9843 | D:7      | Killed Duvessa
 10108 | D:7      | Noticed Pikel
 10122 | D:7      | Killed Pikel
 10391 | D:7      | Found a sparkling altar of Nemelex Xobeh.
 10446 | D:7      | Identified the +4 flail of Fedhas's Outrage {flame, rPois
                  | Int+3 Dex+4 SInv}
 10928 | D:7      | Reached skill level 5 in Fighting
 11370 | D:8      | Identified the +0 robe "Syotiadu" {rF+ rC+ Will+}
 11392 | D:8      | Reached skill level 5 in Long Blades
 11968 | D:8      | Reached XP level 10. HP: 76/76 MP: 6/13
 12034 | D:8      | Reached ** piety under Makhleb
 12540 | D:9      | Noticed a two-headed ogre
 12542 | D:9      | Noticed Joseph
 12553 | D:8      | Killed a two-headed ogre
 12554 | D:8      | Reached skill level 10 in Ice Magic
 12781 | D:9      | Reached skill level 1 in Invocations
 12831 | D:9      | Noticed Grum
 12839 | D:9      | Reached skill level 2 in Invocations
 12840 | D:9      | Killed Grum
 12846 | D:9      | Killed Joseph
 12847 | D:9      | Reached skill level 3 in Invocations
 13182 | D:9      | Reached skill level 4 in Invocations
 13241 | D:9      | Reached skill level 5 in Invocations
 13246 | D:9      | Reached *** piety under Makhleb
 13307 | D:9      | Noticed a two-headed ogre
 13318 | D:9      | Killed a two-headed ogre
 13319 | D:9      | Gained mutation: Your movements are less encumbered by
                  | armour. (ER -4) [demonic ancestry]
 13319 | D:9      | Reached XP level 11. HP: 42/83 MP: 8/15
 13748 | D:10     | Entered Level 10 of the Dungeon
 13886 | D:10     | Found a staircase to the Lair.
 14013 | D:10     | Reached skill level 6 in Invocations
 14091 | D:10     | Noticed a two-headed ogre
 14096 | D:10     | Killed a two-headed ogre
 14168 | D:10     | Noticed Amaemon
 14202 | D:10     | Killed Amaemon
 14626 | D:10     | Reached skill level 7 in Invocations
 14754 | D:10     | Noticed a tengu warrior
 14773 | D:10     | Noticed a tengu warrior
 14773 | D:10     | Killed a tengu warrior
 14774 | D:10     | Reached skill level 5 in Shields
 14781 | D:10     | Killed a tengu warrior
 15111 | D:10     | Noticed Urug
 15161 | D:10     | Killed Urug
 15350 | D:10     | Found a shimmering blue altar of Sif Muna.
 15466 | Lair:1   | Entered Level 1 of the Lair of Beasts
 15531 | Lair:1   | Reached skill level 5 in Armour
 15608 | Lair:1   | Reached skill level 8 in Invocations
 15747 | Lair:1   | Found a gate leading to a gauntlet.
 15756 | Gauntlet | Entered a Gauntlet
 15756 | Gauntlet | Found a transporter.
 15756 | Gauntlet | Found a transporter.
 15815 | Gauntlet | Found a transporter.
 15830 | Gauntlet | Noticed a sixfirhy
 15833 | Gauntlet | Found a transporter.
 15833 | Gauntlet | Found a transporter.
 15835 | Gauntlet | Found a transporter.
 15835 | Gauntlet | Found a transporter.
 15836 | Gauntlet | Found a transporter.
 15847 | Gauntlet | Found a transporter.
 15863 | Gauntlet | Found a transporter.
 15866 | Gauntlet | Noticed a brown ugly thing
 15867 | Gauntlet | Noticed a great orb of eyes
 15870 | Gauntlet | Noticed a wolf spider
 15873 | Gauntlet | Found a transporter.
 15887 | Gauntlet | Found a transporter.
 15921 | Gauntlet | Found a transporter.
 15922 | Gauntlet | Found a runed translucent door.
 15934 | Gauntlet | Found a transporter.
 16091 | Gauntlet | Identified the amulet "Zofostu" {rC+ Regen+ Str+3 Int+4}
 16171 | Gauntlet | Gained mutation: Your demonic aura often causes spilled
                  | blood to erupt in flames. [demonic ancestry]
 16171 | Gauntlet | Reached XP level 12. HP: 44/89 MP: 18/18
 16172 | Gauntlet | HP: 3/89 [wolf spider (14)]
 16180 | Gauntlet | Identified the ring of Qadeweob {rPois MP+9 Int+5 Dex-5}
 16234 | Gauntlet | Noticed a minotaur
 16248 | Gauntlet | Killed a minotaur
 16249 | Gauntlet | Reached skill level 9 in Invocations
 16876 | Lair:1   | Reached **** piety under Makhleb
 17376 | Lair:2   | Identified the +0 halberd of Beogh's Supremacy {flame,
                  | rPois Will+ Int+3}
 17404 | Lair:2   | Found a hide-covered altar of Uskayaw.
 17404 | Lair:2   | Found an ornate altar of the Wu Jian Council.
 17409 | Lair:2   | Noticed a boulder beetle
 17457 | Lair:2   | Killed a boulder beetle
 17508 | Lair:2   | Reached skill level 10 in Invocations
 17589 | Lair:2   | Found a staircase to the Shoals.
 18140 | Lair:3   | Found a hole to the Spider Nest.
 19122 | Lair:4   | Noticed an eight-headed hydra
 19130 | Lair:4   | Killed an eight-headed hydra
 19202 | Lair:4   | Reached skill level 11 in Invocations
 19275 | Lair:4   | Noticed a five-headed hydra
 19281 | Lair:4   | Killed a five-headed hydra
 19337 | Lair:4   | Reached ***** piety under Makhleb
 19347 | Lair:4   | Reached XP level 13. HP: 98/98 MP: 21/21
 20265 | Lair:5   | Reached skill level 12 in Invocations
 20469 | Lair:5   | Found a viscous altar of Jiyva.
 20473 | Lair:5   | Found a staircase to the Slime Pits.
 21051 | Lair:6   | Entered Level 6 of the Lair of Beasts
 21069 | Lair:6   | Reached skill level 13 in Invocations
 21224 | Lair:6   | Reached skill level 10 in Fighting
 21416 | Lair:6   | Reached skill level 14 in Invocations
 21703 | Lair:6   | Reached XP level 14. HP: 111/111 MP: 24/24
 21926 | Lair:6   | Found a runed translucent door.
 21935 | Lair:6   | Reached ****** piety under Makhleb
 22162 | Lair:6   | Reached skill level 15 in Invocations
 22766 | D:5      | Bought the +8 demon blade "Leech" {vamp, Harm Drain rN+}
                  | for 1177 gold pieces
 22766 | D:5      | Found the +8 demon blade "Leech" {vamp, Harm Drain rN+}
 22767 | D:5      | Upgraded the game from 0.29-a0-866-g0545e20 to
                  | 0.29-a0-870-g2c97203
 23059 | D:11     | Found a staircase to the Orcish Mines.
 23518 | D:11     | Noticed Erica
 23522 | D:11     | Killed Erica
 23817 | Orc:1    | Entered Level 1 of the Orcish Mines
 23840 | Orc:1    | Found a dark tunnel.
 23850 | Volcano  | Entered a volcano
 24194 | Volcano  | Found a bloodstained altar of Trog.
 24392 | Volcano  | Reached skill level 16 in Invocations
 24602 | Orc:1    | Noticed Nergalle
 24616 | Orc:1    | Killed Nergalle
 24784 | Orc:1    | Found a bloodstained altar of Trog.
 24908 | Orc:1    | Found Dulisiem's Distillery.
 24916 | Orc:1    | You fall into a shaft and drop 1 floor!
 24916 | Orc:2    | Entered Level 2 of the Orcish Mines
 25206 | Orc:2    | Noticed an orc warlord
 25207 | Orc:2    | Noticed Erolcha
 25224 | Orc:2    | Killed an orc warlord
 25225 | Orc:2    | Reached skill level 10 in Long Blades
 25229 | Orc:2    | Killed Erolcha
 25439 | Orc:2    | Found a staircase to the Elven Halls.
 25863 | Orc:2    | Found Liuvajy's Armour Boutique.
 25863 | Orc:2    | Found Fogu's Distillery.
 25865 | Orc:2    | Found Ichumi's Distillery.
 25865 | Orc:2    | Found Noafib's General Store.
 26123 | D:12     | Gained mutation: Your magical capacity is low. (-10% MP) [a
                  | neqoxec]
 26153 | D:12     | Found a runed translucent gate.
 26153 | D:12     | Found a runed translucent gate.
 26153 | D:12     | Found a runed translucent gate.
 26161 | D:12     | Noticed Dega's ghost (journeyman SpHu)
 26472 | D:12     | Identified the +7 chain mail "Zihor" {Will- Dex+5}
 27000 | D:13     | Noticed Xory's ghost (journeyman HuIE)
 27007 | D:13     | Found a runed translucent door.
 27037 | D:13     | Reached XP level 15. HP: 111/122 MP: 24/24
 28062 | D:13     | Killed Xory's ghost
 28104 | D:13     | Got the Codex of Spelunking
 28246 | Orc:2    | Bought a +1 hat of see invisible for 240 gold pieces
 28410 | Spider:1 | Entered Level 1 of the Spider Nest
 28608 | Spider:1 | Upgraded the game from 0.29-a0-870-g2c97203 to
                  | 0.29-a0-872-g797fff5
 29485 | Spider:1 | Reached skill level 5 in Dodging
 29907 | Spider:2 | Noticed an emperor scorpion
 30293 | Spider:2 | Reached skill level 17 in Invocations
 30311 | Spider:2 | Noticed an emperor scorpion
 30327 | Spider:2 | Killed an emperor scorpion
 30662 | Spider:2 | Identified the +0 robe of the Growing Gods {rElec Str-5
                  | Dex+3}
 30712 | Spider:2 | Killed an emperor scorpion
 30810 | Spider:2 | Gained mutation: Your touch may inflict irresistible damage
                  | on your foes. [demonic ancestry]
 30810 | Spider:2 | Reached XP level 16. HP: 123/131 MP: 25/25
 32023 | Spider:3 | Reached skill level 18 in Invocations
 32557 | Spider:4 | Entered Level 4 of the Spider Nest
 32557 | Spider:4 | Noticed Bai Suzhen
 32592 | Spider:4 | Found a frozen archway.
 32611 | IceCv    | Entered an ice cave
 32967 | IceCv    | Reached skill level 19 in Invocations
 33273 | IceCv    | Noticed an Ice Fiend
 33280 | IceCv    | Killed an Ice Fiend
 33459 | Spider:4 | Killed Bai Suzhen
 33459 | Spider:4 | Noticed Aizul
 33461 | Spider:4 | HP: 5/134 [wolf spider (16)]
 33472 | Spider:4 | Killed Aizul
 33676 | Spider:4 | Reached skill level 15 in Fighting
 33870 | Spider:4 | Slain by a spark wasp

Illustrated notes

Levels and vault maps discovered:
D:1:      roderic_octagonal_star, layout_rooms
D:2:      layout_basic, shapermc_ecumenical_altar_mp_ritualfount
D:3:      layout_loops_ring, gammafunk_temple_overflow_forgotten,
          lightli_sewer_entry_pipes
D:4:      layout_loops_ring, old_standard_altar, kennysheep_mini,
          minmay_temple_entry_glass, uniq_natasha
D:5:      layout_rooms, gammafunk_temple_overflow_pools, serial_shops, shop,
          shop_fountains, nicolae_shop_advertising_works
          [nicolae_subvault_shop_adworks], hangedman_decor_push
D:6:      layout_layer_cave, serial_shops,
          nicolae_shop_temple_entry_statues_fountains, grunt_ministairs_1
D:7:      kennysheep_six_static_rooms, layout_loops_ring,
          nemelex_dance_club_becter, chequers_decorated_corner, uniq_pikel,
          uniq_duvessa
D:8:      layout_layer_cave, dreamdust_gnoll_shepherd
D:9:      layout_rooms, serial_curves, eino_curves_02, eino_curves_04,
          small_statue_intersection, st_stairs_13, uniq_grum, uniq_joseph
D:10:     layout_irregular_city, tgw_sif, erik_lair_orcish_takeover, uniq_urug,
          uniq_amaemon
D:11:     layout_loops_ring, zombieorc1_lemuel, uniq_erica
D:12:     layout_irregular_city, gammafunk_ghost_necromancy,
          nicolae_zen_rock_garden
D:13:     minmay_isolated_rectangles_in_corner, layout_loops_corners,
          hellmonk_ghost_big_iron
Temple:   oiseaux_autumnal_temple
Lair:1:   wad_woods_minihive, layout_regular_city, gauntlet_entry_generic
Lair:2:   layout_layer_cave, elwin_shoals_entry_rocks,
          nzn_masters_of_martial_movement
Lair:3:   layout_hall_layers, spider_nest_entry_webs
Lair:4:   layout_hall_layers, worms_lemuel, infiniplex_staircase_pool_2
Lair:5:   layout_big_grid, minmay_slime_entry_jelly_boxes, grunt_megastairs_5
Lair:6:   wormcave, layout_loops_ring, grunt_megastairs_3, lemuel_fruit_fields,
          infiniplex_staircase_pool, serial_bayou_shore_b
Spider:1: layout_cave_pods
Spider:2: layout_spider_delve, hellmonk_motheaten_closet
Spider:3: layout_cave_pods
Spider:4: grunt_spider_rune_parallel, portal_ice_cave_entry_pillars_three,
          uniq_bai_suzhen, uniq_nikola, uniq_aizul
Orc:1:    layout_caves, basic_altar, serial_shops, shop, enter_volcano_3,
          uniq_nergalle
Orc:2:    grunt_orc_tribal_feast, layout_diamond_mine, uniq_erolcha

Skill      XL: |  1  2  3  4  5  6  7  8  9 10 11 12 13 14 15 16 |
---------------+-------------------------------------------------+-----
Ice Magic      | 4 5 6 7 8 9 10 11 12 | 12.9
Necromancy     | 2 |  2.1
Armour         | 1 3 5 6 7 |  7.1
Shields        | 1 4 6 8 |  8.8
Fighting       | 3 5 6 7 10 12 13 15 | 15.1
Long Blades    | 2 5 7 8 11 14 | 14.0
Invocations    | 5 8 11 14 16 17 19 | 19.7
Dodging        | 6 7 |  7.0
Stealth        | |  1.7
Spellcasting   | |  2.0

Action                   |  1- 3 |  4- 6 |  7- 9 | 10-12 | 13-15 | 16-18 || total
-------------------------+-------+-------+-------+-------+-------+-------++-------
Melee: Mace              |     8 |    63 |    43 |       |       |       ||   114
       Touch             |       |     9 |    12 |       |       |       ||    21
       Long sword        |       |    14 |    93 |       |       |       ||   107
       Punch             |       |     1 |       |       |       |       ||     1
       Flail             |       |       |    35 |   322 |   239 |       ||   596
       Demon blade       |       |       |       |       |   655 |   353 ||  1008
 Cast: Freeze            |    55 |    20 |       |       |       |       ||    75
       Frozen Ramparts   |       |    17 |    41 |    80 |   133 |    25 ||   296
       Ozocubu's Armour  |       |    10 |    34 |    56 |   109 |    46 ||   255
Invok: Minor Destruction |       |       |       |    21 |    46 |    23 ||    90
       Lesser Servant of |       |       |       |     9 |    11 |     8 ||    28
       Major Destruction |       |       |       |       |     1 |     3 ||     4
       Greater Servant o |       |       |       |       |       |     4 ||     4
Evoke: Wand              |       |       |       |       |     1 |       ||     1
  Use: Scroll            |     6 |     6 |     7 |     8 |     5 |     2 ||    34
       Potion            |       |       |       |     2 |     1 |     3 ||     6
 Stab: Sleeping          |     1 |     3 |     2 |       |     3 |       ||     9
       Invisible         |       |       |       |     1 |       |       ||     1
       Distracted        |       |       |       |       |     2 |     1 ||     3
Armor: Robe              |     6 |    37 |    30 |       |       |       ||    73
       Ring mail         |       |       |    31 |   218 |   543 |   240 ||  1032
Dodge: Dodged            |    26 |    52 |   100 |   287 |   418 |   174 ||  1057
Block: Buckler           |       |       |    20 |   173 |     4 |       ||   197
       Kite shield       |       |       |       |       |   496 |   186 ||   682

Table legend: (Time is in decaauts)
 A = Elapsed time spent in this place.
 B = Non-inter-level travel time spent in this place.
 C = Inter-level travel time spent in this place.
 D = Time resting spent in this place.
 E = Time spent auto-exploring this place.
 F = Levels seen in this place.
 G = Mean time per level.
                   A        B        C        D        E       F      G
               +--------+--------+--------+--------+--------+-----+--------+
         Total |  34248 |  32130 |   2118 |   2063 |  22837 |  30 | 1141.6 |
       Dungeon |  18085 |  16720 |   1365 |    718 |  13290 |  13 | 1391.2 |
        Temple |    338 |    311 |     27 |      0 |    277 |   1 |  338.0 |
          Lair |   7095 |   6706 |    389 |    354 |   4397 |   6 | 1182.5 |
   Spider Nest |   4282 |   4096 |    186 |    136 |   2817 |   4 | 1070.5 |
  Orcish Mines |   1545 |   1395 |    150 |    134 |    813 |   2 |  772.5 |
         Sewer |    888 |    888 |      0 |    347 |    415 |   1 |  888.0 |
      Ice Cave |    775 |    775 |      0 |    258 |    235 |   1 |  775.0 |
       Volcano |    700 |    700 |      0 |     12 |    409 |   1 |  700.0 |
      Gauntlet |    538 |    538 |      0 |    104 |    183 |   1 |  538.0 |
               +--------+--------+--------+--------+--------+-----+--------+

Top non-repeatable levels by time:
     D:7: 2472 daAuts
     D:6: 1742 daAuts
    D:10: 1689 daAuts
     D:8: 1675 daAuts
     D:5: 1600 daAuts
  Lair:6: 1439 daAuts
  Lair:3: 1363 daAuts
  Lair:1: 1353 daAuts
Spider:1: 1335 daAuts
     D:4: 1321 daAuts
    D:11: 1308 daAuts
Spider:2: 1294 daAuts
     D:9: 1224 daAuts
Spider:3: 1165 daAuts
    D:13: 1118 daAuts
